AoeStats
← Amon-Ra

Scandinavia

510422396Analyzed
1v1 RM · 16h ago on Sep 30, 2026· 38m 47s· 2 players
Game mode
Random Map
Map size
Tiny (2 player)
Population
200
Speed
Normal
Resources
Standard
Victory
Conquest
Starting age
Dark Age
Ending age
Imperial Age
RankedLock teamsTeams togetherTeam positionsShared explorationLock speedFull tech treeHidden civsTurbo modeCheats
Victory
Defeat
🇪🇸 Japanese · Spain
907
+17
🇦🇷 Persians · Argentina
931
-17
Amon-Ra
10:49 Loom
14:01 Feudal Age
14:33 Double-Bit Axe
16:46 Wheelbarrow
17:24 Fishing Lines
18:12 Forging
18:02 Scale Mail Armor
20:55 Castle Age
22:05 Fletching
22:26 Gold Mining
22:26 Stone Mining
23:09 Squires
22:30 Pikeman
23:59 Gillnets
24:24 Medium Warships
29:10 Town Watch
37:41 Imperial Age
37:24 Iron Casting
36:45 Bodkin Arrow
38:11 Ballistics
39:10 Conscription
RISSOTTO
7:38 Loom
9:50 Feudal Age
14:36 Castle Age
13:34 Double-Bit Axe
15:20 Scale Barding Armor
16:56 Husbandry
22:08 Medium Warships
28:14 Bloodlines
29:29 Bow Saw
30:11 Fletching
Connection lost

Rejoining the realm…

Still unreachable

The connection could not be restored.

Session expired

The server has moved on; the page needs a fresh start.